 Dungeon Crawl Stone Soup version 0.26-a0-996-g6b303dbc09 (webtiles) character file.

Game seed: 16660309183878393927

28 Morbidden the Conjurer (level 3, 0/24 HPs)
             Began as a Demonspawn Conjurer on Dec 6, 2020.
             Succumbed to an adder's poison
             ... on level 2 of the Dungeon.
             The game lasted 00:01:37 (1202 turns).

Morbidden the Conjurer (Demonspawn Conjurer)        Turns: 1202, Time: 00:01:37

Health: 0/24       AC:  4    Str:  7    XL:     3   Next: 0%
Magic:  1/6        EV: 12    Int: 20    God:
Gold:   34         SH:  0    Dex: 11    Spells: 5/6 levels left

rFire    . . .     SeeInvis .   j - +1 dagger (vamp)
rCold    . . .     Faith    .   (no shield)
rNeg     . . .     Spirit   .   a - +0 robe
rPois    .         Reflect  .   (no helmet)
rElec    .         Harm     .   (no cloak)
rCorr    .         Rampage  .   h - +1 pair of gloves
MR       .....                  (no boots)
Stlth    ++........             (no amulet)
HPRegen  0.08/turn              (no ring)
MPRegen  0.10/turn              (no ring)

@: brilliant, lethally poisoned (0 -> -8)
A: powered by pain 1, wild magic 1
a: no special abilities


You were on level 2 of the Dungeon.
You visited 1 branch of the dungeon, and saw 2 of its levels.

You collected 34 gold pieces.

Inventory:

Hand Weapons
 j - a +1 vampiric dagger (weapon)
Armour
 a - a +0 robe (worn)
 h - a +1 pair of gloves (worn)
Scrolls
 b - 2 scrolls of identify {unknown}
 c - a scroll of enchant armour {unknown}
 e - a scroll of enchant weapon {unknown}
 f - a scroll of noise {unknown}


   Skills:
 * Level 0.1 Fighting
 + Level 1.7 Dodging
 + Level 1.8 Stealth
 * Level 2.1 Spellcasting
 * Level 4.8 Conjurations


You had 5 spell levels left.
You knew the following spells:

 Your Spells              Type           Power        Failure   Level
a - Magic Dart            Conj           ####         4%          1

Your spell library contained the following spells:

 Spells                   Type           Power        Failure   Level
 Searing Ray              Conj           #####.       5%          2
 Dazzling Flash           Conj/Hex       ###...       24%         3
 Fulminant Prism          Conj/Hex       ###.......   58%         4
 Iskenderun's Mystic Bla  Conj/Tloc      ###.....     58%         4


Dungeon Overview and Level Annotations

Branches:
Dungeon (2/15)

Altars:


Innate Abilities, Weirdness & Mutations

You sometimes gain a little power by taking damage.
Your spells are a little harder to cast, but a little more powerful.


Message History

You feel clever.
Unknown command.
There is a lethal amount of poison in your body!
* * * LOW HITPOINT WARNING * * *
You feel sick.
* * * LOW HITPOINT WARNING * * *
You feel sick.
* * * LOW HITPOINT WARNING * * *
You feel sick.
* * * LOW HITPOINT WARNING * * *
You feel sick.
Your magical contamination has completely faded away.
* * * LOW HITPOINT WARNING * * *
You feel sick.
* * * LOW HITPOINT WARNING * * *
You feel sick.
Unknown command.
Unknown command.
You open the door.
You die...

#......#<#
#....#####.#
#..........#
####.#######
#.# # #.#
##.. #.#
.....
#.###......
#..@'......
#####......
..... ....
... .. .


There were no monsters in sight!

Vanquished Creatures
  An adder (D:2)
  2 dart slugs (D:1)
  A bat (D:1)
  A giant cockroach (D:1)
  4 goblins (D:1)
  A hobgoblin (D:1)
  2 kobolds (D:1)
  A frilled lizard (D:1)
  2 rats (D:1)
15 creatures vanquished.

Notes
Turn   | Place    | Note
-------+----------+-------------------------------------------
     0 | D:1      | Morbidden the Demonspawn Conjurer began the quest for the
                  | Orb.
     0 | D:1      | Reached XP level 1. HP: 13/13 MP: 3/3
   433 | D:1      | Gained mutation: You sometimes gain a little power by
                  | taking damage. [demonic ancestry]
   433 | D:1      | Reached XP level 2. HP: 16/19 MP: 0/5
  1188 | D:2      | Gained mutation: Your spells are a little harder to cast,
                  | but a little more powerful. [potion of mutation]
  1188 | D:2      | Gained mutation: You are clumsy. (Dex -2) [potion of
                  | mutation]
  1188 | D:2      | Lost mutation: You are clumsy. (Dex -2) [potion of
                  | mutation]
  1194 | D:2      | Reached XP level 3. HP: 6/24 MP: 0/6
  1199 | D:2      | HP: 1/24 [poisoned by an adder]
  1202 | D:2      | Succumbed to an adder's poison

Illustrated notes

Levels and vault maps discovered:
D:1:      dpeg_arrival_circle_labyrinth_c, layout_basic
D:2:      kennysheep_the_goblin_king, layout_basic

Action                   || total
-------------------------++-------
Melee: Unarmed           ||    10
       Dagger            ||     6
 Cast: Magic Dart        ||    30
  Use: Potion            ||     3
Armor: Robe              ||     3
Dodge: Dodged            ||    13

Table legend: (Time is in decaauts)
 A = Elapsed time spent in this place.
 B = Non-inter-level travel time spent in this place.
 C = Inter-level travel time spent in this place.
 D = Time resting spent in this place.
 E = Time spent auto-exploring this place.
 F = Levels seen in this place.
 G = Mean time per level.
                   A        B        C        D        E       F      G
               +--------+--------+--------+--------+--------+-----+--------+
         Total |   1201 |   1193 |      8 |      0 |   1070 |   2 |  600.5 |
       Dungeon |   1201 |   1193 |      8 |      0 |   1070 |   2 |  600.5 |
               +--------+--------+--------+--------+--------+-----+--------+

Top non-repeatable levels by time:
     D:1: 1172 daAuts
     D:2: 28 daAuts
